 Dungeon Crawl Stone Soup version 0.30-a0-34-gbe8da3892a (webtiles) character file.

Game seed: 15491515100393513134

117 Spectrina the Shooter (level 4, -2/27 HPs)
             Began as a Deep Elf Monk on Aug 27, 2022.
             Was an Initiate of Ashenzari.
             Slain by an orc
             ... wielding a +1 dagger of distortion
              (15 damage)
             ... on level 4 of the Dungeon.
             The game lasted 00:11:29 (1025 turns).

Spectrina the Shooter (Deep Elf Monk)               Turns: 1025, Time: 00:11:30

Health: -2/27      AC:  4    Str:  8    XL:     4   Next: 71%
Magic:  6/6        EV: 14    Int: 15    God:    Ashenzari [......]
Gold:   4          SH:  0    Dex: 19    Spells: 3/3 levels left

rFire   . . .      SeeInvis .    a - +1 dagger (speed)
rCold   . . .      Faith    .    (no shield)
rNeg    . . .      Spirit   .    e - +0 robe
rPois   .          Reflect  .    g - +2 hat of Cremastomancy {Fort, Comp} (curse)
rElec   .          Harm     .    (no cloak)
rCorr   .          Rampage  .    (no gloves)
Will    .....                    (no boots)
Stlth   ++........               (no amulet)
HPRegen 0.09/turn                (no ring)
MPRegen 0.10/turn                (no ring)

@: mighty
A: no striking features
a: Renounce Religion, Shatter the Chains


You were on level 4 of the Dungeon.
You worshipped Ashenzari.
Ashenzari was noncommittal.
You visited 1 branch of the dungeon, and saw 4 of its levels.

You collected 60 gold pieces.
You spent 56 gold pieces at shops.

Inventory:

Hand Weapons
 a - a +1 dagger of speed (weapon)
 b - a +0 sling
 f - a +0 short sword
Missiles
 n - 5 datura-tipped darts
 p - 2 poisoned darts
Armour
 e - a +0 robe (worn)
 g - the cursed +2 hat of Cremastomancy (worn) {Fort, Comp}
   (You found it on level 1 of the Dungeon)

   It has a curse which improves the following skills: Fortitude: Armour and
   Shields.
   Companions: Summonings and Necromancy.
 h - a +0 robe of willpower
Scrolls
 i - a scroll of magic mapping
 k - 2 scrolls of vulnerability {unknown}
 m - a scroll of poison {unknown}
 o - a scroll of torment
Potions
 c - a potion of ambrosia
 d - a potion of haste {unknown}
 j - a potion of flight
 l - a potion of curing
 q - a potion of might
 r - a potion of lignification {unknown}
 s - a potion of resistance {unknown}


   Skills:
 - Level 2.4 Fighting
 - Level 3.0 Short Blades
 + Level 5.9 Ranged Weapons
 - Level 3.6 Dodging
 - Level 2.4 Stealth


You had 3 spell levels left.
You didn't know any spells.
Your spell library contained the following spells:

 Spells                   Type           Power      Damage    Failure   Level
 Confusing Touch          Hex            0%         N/A       63%         3
 Yara's Violent Unravell  Hex/Tmut       0%         3d3       100%        5
 Enfeeble                 Hex            0%         N/A       100%        7


Dungeon Overview and Level Annotations

Branches:
Dungeon (4/15)
 Temple: D:4-7

Altars:
Ashenzari

Shops:
D:3 !=   D:4 *


Message History

The magic dart hits you. The orc barely misses you.
You closely miss something. You barely miss something. Something hits you.
The orc closely misses you.
You hit something.
Reactivating autopickup.
You feel a bit more experienced.
You puncture the orc!
You kill the orc!
You puncture the orc!
You kill the orc!
Things that are here:
a +0 dagger; a +0 robe of willpower; an orc corpse
h - a +0 robe of willpower
Items here: )) [ ††.
Items here: )) [[ †.
An orc comes into view.
It is wielding a +1 dagger of distortion.
Found Imatiomp's Elemental Accessories.
Unknown command.
b - a +0 sling (weapon)
Fire: b) +0 sling
Press: ? - help, Q - select action, (/) - cycle Shift-Dir - straight line, f - orc
Aim: an orc, wielding a +1 dagger of distortion (62% to hit)
You shoot a sling bullet. The sling bullet hits the orc.
The orc is heavily wounded.
Fire: b) +0 sling
Press: ? - help, Q - select action, (/) - cycle Shift-Dir - straight line, f/p - orc
Aim: an orc, wielding a +1 dagger of distortion (thin mist, heavily wounded, 62% to hit)
You shoot a sling bullet.
The sling bullet completely misses the orc.
Fire: b) +0 sling
Press: ? - help, Q - select action, (/) - cycle Shift-Dir - straight line, f/p - orc
Aim: an orc, wielding a +1 dagger of distortion (heavily wounded, 62% to hit)
You shoot a sling bullet.
The sling bullet closely misses the orc.
Unknown command.
Your hands tingle!
a - a +1 dagger of speed (weapon)
The orc hits you but does no damage. Space warps horribly around you!
Ouch! That really hurt!
You die...

..... #.# o...# #.##
##...# #... . ..# #.##
#.#.# #.#
.###.#.#############.#
................))...##
..≈.#†....########)..#
. #@###............#
..∩...o.#
##########...#
.......## ##### #...§..
....... #...... #######


You could see an orc.

Vanquished Creatures
  2 orc wizards (D:4)
  An adder (D:2)
  A worm (D:2)
  A dart slug (D:1)
  4 orcs (D:4)
  5 ball pythons
  3 endoplasms
  6 goblins
  8 hobgoblins
  2 quokkas (D:1)
  8 bats
  5 frilled lizards
  2 kobolds
48 creatures vanquished.

Notes
Turn   | Place    | Note
-------+----------+-------------------------------------------
     0 | D:1      | Spectrina the Deep Elf Monk began the quest for the Orb.
     0 | D:1      | Reached XP level 1. HP: 13/13 MP: 3/3
    36 | D:1      | Reached skill level 1 in Ranged Weapons
    79 | D:1      | Reached skill level 2 in Ranged Weapons
    89 | D:1      | Reached XP level 2. HP: 14/18 MP: 4/4
   220 | D:1      | Reached skill level 3 in Ranged Weapons
   362 | D:1      | Reached XP level 3. HP: 21/22 MP: 5/5
   521 | D:1      | Found a faded altar of an unknown god.
   529 | D:1      | Prayed at the altar of an unknown god.
   529 | D:1      | Became a worshipper of Ashenzari the Shackled
   670 | D:2      | Upgraded the game from 0.30-a0-29-g142975f185 to
                  | 0.30-a0-34-gbe8da3892a
   697 | D:2      | Reached skill level 4 in Ranged Weapons
   739 | D:3      | Found Arofum's Distillery.
   748 | D:3      | Bought a potion of might for 56 gold pieces
   826 | D:3      | Found Noerargh's Jewellery Emporium.
   992 | D:4      | Reached skill level 5 in Ranged Weapons
   992 | D:4      | Reached XP level 4. HP: 23/27 MP: 6/6
  1020 | D:4      | Found Imatiomp's Elemental Accessories.
  1025 | D:4      | Slain by an orc

Illustrated notes

Levels and vault maps discovered:
D:1:      dpeg_arrival_solitude, layout_loops_ring,
          shapermc_ecumenical_altar_totnotflames
D:2:      layout_loops_ring
D:3:      layout_loops_corners, serial_shops, nicolae_shop_hallway_stairs, shop,
          nicolae_shop_crystal, nicolae_shop_waterfront,
          nicolae_shop_advertising_works [nicolae_subvault_shop_adworks]
D:4:      layout_loops_ring, mainiacjoe_overflow_two_lobes,
          minmay_temple_entry_trees, nicolae_elemental_shop

Skill      XL: |  1  2  3 |
---------------+----------+-----
Ranged Weapons | 2 3 5 |  5.9
Fighting       | |  2.4
Short Blades   | |  3.0
Dodging        | |  3.6
Stealth        | |  2.4

Action                   |  1- 3 |  4- 6 || total
-------------------------+-------+-------++-------
Melee: Dagger            |    67 |    11 ||    78
 Fire: Sling             |   101 |     3 ||   104
Invok: Curse Item        |     1 |       ||     1
  Use: Scroll            |     6 |       ||     6
       Potion            |     1 |       ||     1
 Stab: Sleeping          |     1 |       ||     1
Armor: Robe              |    20 |     1 ||    21
Dodge: Dodged            |    44 |     3 ||    47

Table legend: (Time is in decaauts)
 A = Elapsed time spent in this place.
 B = Non-inter-level travel time spent in this place.
 C = Inter-level travel time spent in this place.
 D = Time resting spent in this place.
 E = Time spent auto-exploring this place.
 F = Levels seen in this place.
 G = Mean time per level.
                   A        B        C        D        E       F      G
               +--------+--------+--------+--------+--------+-----+--------+
         Total |   1006 |    935 |     71 |      0 |      0 |   4 |  251.5 |
       Dungeon |   1006 |    935 |     71 |      0 |      0 |   4 |  251.5 |
               +--------+--------+--------+--------+--------+-----+--------+

Top non-repeatable levels by time:
     D:1: 585 daAuts
     D:3: 197 daAuts
     D:2: 141 daAuts
     D:4: 81 daAuts
